 Dungeon Crawl Stone Soup version 0.25.1-2-g60ff931df9 (webtiles) character file.

Game seed: 18293039515713642996

200 Doot the Grave Robber (level 5, -2/36 HPs)
             Began as a Demonspawn Necromancer on Oct 7, 2020.
             Slain by a worker ant (8 damage)
             ... on level 3 of the Dungeon.
             The game lasted 00:06:46 (2893 turns).

Doot the Grave Robber (Demonspawn Necromancer)      Turns: 2893, Time: 00:06:47

Health: -2/36      AC:  2    Str:  8    XL:     5   Next: 49%
Magic:  0/10       EV: 12    Int: 17    God:
Gold:   149        SH:  0    Dex: 14    Spells: 2/11 levels left

rFire    . . .     SeeInvis .   k - +0 whip
rCold    . . .     Gourm    .   (no shield)
rNeg     . . .     Faith    .   a - +0 robe
rPois    .         Spirit   .   (no helmet)
rElec    .         Reflect  .   (no cloak)
rCorr    .         Harm     .   (no gloves)
MR       .....                  (no boots)
Stlth    ++........             (no amulet)
HPRegen  0.12/turn              (no ring)
MPRegen  0.12/turn              (no ring)

@: lethally poisoned (-2 -> -13), very slightly contaminated
A: powered by death 1
a: no special abilities


You were on level 3 of the Dungeon.
You were very hungry.

You visited 1 branch of the dungeon, and saw 3 of its levels.

You collected 149 gold pieces.

Inventory:

Hand Weapons
 e - a +0 short sword
 k - a +0 whip (weapon)
Armour
 a - a +0 robe (worn)
Jewellery
 p - a +4 ring of protection {unknown}
Wands
 n - a wand of flame (28)
Scrolls
 b - 2 scrolls of enchant armour {unknown}
 d - 2 scrolls of remove curse {unknown}
 f - 2 scrolls of teleportation {unknown}
 g - 3 scrolls of amnesia {unknown}
 h - 4 scrolls of identify {unknown}
 j - 2 scrolls of enchant weapon {unknown}
 l - 2 scrolls of noise {unknown}
 q - a scroll of random uselessness {unknown}
 r - a scroll of immolation {unknown}
Potions
 i - a potion of degeneration {unknown}
 m - a potion of curing {unknown}
 o - a potion of berserk rage
Comestibles
 c - 8 rations


   Skills:
 + Level 0.5 Fighting
 + Level 1.8 Dodging
 + Level 2.1 Stealth
 + Level 3.9 Spellcasting
 + Level 5.9 Necromancy


You had 2 spell levels left.
You knew the following spells:

 Your Spells              Type           Power        Failure   Level  Hunger
a - Pain                  Necr           ###.         1%          1    None
b - Animate Skeleton      Necr           N/A          1%          1    None
c - Vampiric Draining     Necr           ###.......   4%          3    ###....
d - Animate Dead          Necr           N/A          14%         4    ####...

Your spell library contained the following spells:

 Spells                   Type           Power        Failure   Level  Hunger
 Agony                    Necr           ###.....     36%         5    ######.


Dungeon Overview and Level Annotations

Branches:
Dungeon (3/15)

Altars:
Fedhas
Hepliaklqana
Kikubaaqudgha
Nemelex Xobeh
Ru
Uskayaw
Yredelemnul
Zin
The Shining One


Innate Abilities, Weirdness & Mutations

You regenerate a little health from kills.


Message History

The worker ant is almost dead.
You feel life coursing into your body.
The orc shouts!
You feel sick.
You hear a shout!
The worker ant barely misses you.
You feel sick. The worker ant misses you. The worker ant closely misses you.
You feel sick. The worker ant bites you.
* * * LOW HITPOINT WARNING * * *
You are more poisoned.
The worker ant poisons you!
Things that are here:
a +0 flail; an orc skeleton
* * * LOW HITPOINT WARNING * * *
You feel sick.
There is a stone staircase leading up, spattered with blood here.
* * * LOW HITPOINT WARNING * * *
You feel sick.
The phantom blinks!
The worker ant bites you!
You die...

#. # #### #. #⌠⌠# ## ##.
#__####### .## ###..######
8..P#....# ...###..........
#''##....#########......##.......
#..##..............#.#.........##
#...#.....).o).a[(...######..###
####.........###@##..# ###..####
#......######.)...# #.#......
####.o....#####......# #.#a.####
.>........#.....###§.# #.#......
............######...# ###..###.
...#.................######......
...........####...#.........(####
...##..##### #.##..>.÷.........#
... #.## ##..##.#...((.......#


You could see a worker ant and an orc.

Vanquished Creatures
  Jessica (D:2)
  3 gnolls (D:3)
  6 adders
  An ooze (D:3)
  2 worms
  2 dart slugs (D:1)
  2 leopard geckos
  7 orcs
  2 giant cockroaches
  6 goblins
  9 hobgoblins
  2 jackals (D:2)
  10 kobolds
  A ball python (D:1)
  6 bats
  3 frilled lizards
  7 rats
70 creatures vanquished.

Vanquished Creatures (collateral kills)
  An orc (D:3)
1 creature vanquished.

Grand Total: 71 creatures vanquished

Notes
Turn   | Place    | Note
-------+----------+-------------------------------------------
     0 | D:1      | Doot the Demonspawn Necromancer began the quest for the
                  | Orb.
     0 | D:1      | Reached XP level 1. HP: 13/13 MP: 3/3
   254 | D:1      | Gained mutation: You regenerate a little health from kills.
                  | [demonic ancestry]
   254 | D:1      | Reached XP level 2. HP: 17/19 MP: 0/5
   746 | D:1      | Reached skill level 5 in Necromancy
   930 | D:1      | Reached XP level 3. HP: 22/24 MP: 3/6
  1113 | D:2      | Found a basalt altar of Yredelemnul.
  1167 | D:2      | Learned a level 1 spell: Animate Skeleton
  1171 | D:2      | Learned a level 3 spell: Vampiric Draining
  1186 | D:2      | Found a glowing golden altar of the Shining One.
  1192 | D:2      | Noticed Jessica
  1198 | D:2      | Killed Jessica
  1198 | D:2      | Reached XP level 4. HP: 27/30 MP: 3/8
  1779 | D:2      | Found a blossoming altar of Fedhas.
  1827 | D:2      | Found a hide-covered altar of Uskayaw.
  1830 | D:2      | Found an ancient bone altar of Kikubaaqudgha.
  1835 | D:2      | Found a hazy altar of Hepliaklqana.
  1856 | D:2      | Found a sacrificial altar of Ru.
  1995 | D:3      | Learned a level 4 spell: Animate Dead
  2237 | D:3      | Reached XP level 5. HP: 33/35 MP: 6/10
  2728 | D:3      | Found a sparkling altar of Nemelex Xobeh.
  2728 | D:3      | Found a glowing silver altar of Zin.
  2820 | D:3      | Noticed a phantom
  2893 | D:3      | Slain by a worker ant

Illustrated notes

Levels and vault maps discovered:
D:1:      scummos_arrival_forest, layout_rooms
D:2:      layout_rooms, overflow_temple_1_default, yredelemnul_altar_generic,
          minitemple, nicolae_ru_path_of_blood, fedhas_altar_4, uniq_jessica
D:3:      layout_rooms, gammafunk_temple_overflow_wave, serial_aquarium,
          aquarium_bridge_square [aquarium_subvault_bridge,
          aquarium_subvault_window, aquarium_subvault_balcony,
          aquarium_subvault_bridge], aquarium_window_fake, aquarium_window_1,
          aquarium_window_2, aquarium_window_corridor_1, aquarium_view_2e,
          aquarium_balcony_3b, aquarium_pool_four, first_ration

Skill      XL: |  1  2  3  4 |
---------------+-------------+-----
Necromancy     | 5 |  5.9
Spellcasting   | 3 |  3.9
Stealth        | 2 |  2.1
Fighting       | |  0.5
Dodging        | |  1.8

Action                   |  1- 3 |  4- 6 || total
-------------------------+-------+-------++-------
Melee: Unarmed           |     7 |       ||     7
       Whip              |     6 |    12 ||    18
       Short sword       |     1 |       ||     1
 Cast: Pain              |    54 |    88 ||   142
       Animate Dead      |       |     1 ||     1
       Vampiric Draining |       |     1 ||     1
  Eat: Chunk             |     1 |     5 ||     6
Armor: Robe              |     6 |     4 ||    10
Dodge: Dodged            |    16 |    40 ||    56
